 Dungeon Crawl Stone Soup version 0.20-a0-972-gb9bd3e6 (webtiles) character file.

483 Multipenetrator the Magician (level 6, -5/44 HPs)
             Began as a Mummy Necromancer on Apr 9, 2017.
             Slain by a gnoll
             ... wielding a +0 spear
              (10 damage)
             ... on level 5 of the Dungeon.
             The game lasted 00:39:36 (3847 turns).

Multipenetrator the Magician (Mummy Necromancer)    Turns: 3847, Time: 00:39:37

Health: -5/44      AC:  4    Str: 12    XL:     6   Next: 88%
Magic:  11/15      EV: 12    Int: 16    God:
Gold:   218        SH:  0    Dex: 17    Spells: 4/17 levels left

rFire    . . .     SeeInvis .   i - +0 short sword
rCold    . . .     Gourm    .   (no shield)
rNeg     + + +     Faith    .   a - +0 robe
rPois    ∞         Spirit   .   (no helmet)
rElec    .         Reflect  .   h - +1 cloak
rCorr    .         Harm     .   (no gloves)
MR       .....                  (no boots)
Stlth    ++........             (no amulet)
Regen    0.2/turn               d - ring of fire
MPRegen  0.2/turn               l - +5 ring of dexterity

@: no status effects
A: no food or potions, fire vulnerability, cold resistance 1, negative energy
resistance 3, torment resistance, unbreathing
a: no special abilities


You were on level 5 of the Dungeon.
You were not hungry.

You visited 1 branch of the dungeon, and saw 5 of its levels.

You collected 218 gold pieces.

Inventory:

Hand Weapons
 i - a +0 short sword (weapon)
Armour
 a - a +0 robe (worn)
 h - a +1 cloak (worn)
 k - a +0 naga barding
Jewellery
 d - a ring of fire (left hand)
 l - a +5 ring of dexterity (right hand)
 p - an uncursed ring of fire
Wands
 q - a wand of flame (14/48)
Scrolls
 c - a scroll of magic mapping {unknown}
 e - 2 scrolls of amnesia {unknown}
 f - a scroll of teleportation
 g - a scroll of fear {unknown}
 j - 3 scrolls of remove curse
 m - 2 scrolls of identify {unknown}
 n - a scroll of enchant weapon {unknown}
 o - 2 scrolls of noise {unknown}
 r - a scroll of blinking {unknown}
Books
 b - a book of Necromancy

   Spells                             Type                      Level
   a - Pain                           Necromancy                   1
   b - Animate Skeleton               Necromancy                   1
   c - Vampiric Draining              Necromancy                   3
   d - Regeneration                   Charms/Necromancy            3
   e - Animate Dead                   Necromancy                   4
   f - Control Undead                 Necromancy                   4


   Skills:
 - Level 1.9 Fighting
 - Level 1.7 Dodging
 - Level 1.8 Stealth
 + Level 6.3 Spellcasting
 + Level 6.2 Necromancy


You had 4 spell levels left.
You knew the following spells:

 Your Spells              Type           Power        Failure   Level  Hunger
a - Pain                  Necr           ####         1%          1    N/A
b - Animate Skeleton      Necr           N/A          1%          1    N/A
c - Animate Dead          Necr           N/A          12%         4    N/A
d - Vampiric Draining     Necr           ####......   3%          3    N/A
e - Control Undead        Necr           ####......   12%         4    N/A

Dungeon Overview and Level Annotations

Branches:
Dungeon (5/15)
 Temple: D:4-7

Altars:
Cheibriados
Qazlal
Ru
Uskayaw
Xom
Zin
The Shining One

Annotations:
D:4 Grinder


Innate Abilities, Weirdness & Mutations

You do not eat or drink.
Your flesh is vulnerable to fire.
You are immune to poison.
Your flesh is cold resistant. (rC+)
You are immune to negative energy. (rN+++)
You are immune to unholy pain and torment.
You can survive without breathing.


Message History

Your jackal zombie bites Grinder.
Your jackal zombie barely misses Grinder. x2
Grinder gestures at you. You resist with some effort.
You climb downwards. 3 gnolls, a centaur and a shadow imp come into view.
The gnoll shouts!
The centaur shouts!
The centaur wields a shortbow.
The centaur shoots an arrow.
The arrow closely misses you.
The arrow hits the gnoll!
The gnoll barely misses you.
The centaur shoots an arrow.
The arrow closely misses you.
The gnoll shouts!
Found 2 arrows.
Found a hide-covered altar of Uskayaw.
A hound comes into view.
There is a stone staircase leading up here.
The hound barks!
The shadow imp shouts, "Scamper hence, thou horrid guts-griping clothbag!"
The gnoll closely misses you.
The gnoll hits you from afar with a spear!
You die...

. ..
####..#.....
#.##........_..
...............
..........#####
..(.......#(..#
.h........#(..#
....5.(...#####
#..gg.@c......
#.....##.......
#.#.. .g#####
## ..# ..# #.#
.# .#


You could see a centaur, a hound, 2 dancing weapons, 3 gnolls and a shadow imp.

Vanquished Creatures
  An ogre (D:3)
  A centaur (D:5)
  A howler monkey (D:4)
  An orc priest (D:5)
  Ijyb (D:4)
  An iguana (D:4)
  3 worker ants (D:4)
  A hound skeleton (D:4)
  Robin (D:2)
  2 adders (D:3)
  2 oozes
  3 worms
  4 dart slugs
  2 leopard geckos (D:2)
  5 orcs
  5 giant cockroaches
  14 goblins
  7 hobgoblins
  12 jackals
  A kobold (D:3)
  4 frilled lizards
  3 rats
75 creatures vanquished.

Vanquished Creatures (collateral kills)
  A hound skeleton (D:4)
  An adder (D:2)
  An orc (D:4)
  A goblin (D:3)
4 creatures vanquished.

Grand Total: 79 creatures vanquished

Notes
Turn   | Place    | Note
-------+----------+-------------------------------------------
     0 | D:1      | Multipenetrator the Mummy Necromancer began the quest for the Orb.
     0 | D:1      | Reached XP level 1. HP: 13/13 MP: 4/4
     4 | D:1      | Learned a level 1 spell: Animate Skeleton
   298 | D:1      | Reached XP level 2. HP: 19/19 MP: 1/5
   791 | D:2      | Found a sacrificial altar of Ru.
  1047 | D:2      | Found a stormy altar of Qazlal.
  1047 | D:2      | Found a glowing silver altar of Zin.
  1049 | D:2      | Found a shimmering altar of Xom.
  1086 | D:2      | Reached XP level 3. HP: 24/24 MP: 5/7
  1182 | D:2      | Noticed Robin
  1362 | D:2      | Killed Robin
  1837 | D:3      | Reached XP level 4. HP: 30/30 MP: 6/9
  1941 | D:3      | Reached skill level 5 in Necromancy
  2181 | D:3      | Learned a level 4 spell: Animate Dead
  2185 | D:3      | Learned a level 3 spell: Vampiric Draining
  2247 | D:3      | Noticed an ogre
  2282 | D:3      | Killed an ogre
  2282 | D:3      | Reached skill level 1 in Fighting
  2282 | D:3      | Reached XP level 5. HP: 37/37 MP: 4/12
  2710 | D:3      | Reached skill level 5 in Spellcasting
  2730 | D:3      | You fall through a shaft for 2 floors!
  2730 | D:5      | Entered Level 5 of the Dungeon
  2738 | D:5      | Noticed a centaur
  2746 | D:5      | Killed a centaur
  2746 | D:5      | Reached XP level 6. HP: 19/43 MP: 3/14
  3077 | D:5      | Noticed a sky beast
  3150 | D:4      | Found a snail-covered altar of Cheibriados.
  3271 | D:4      | Learned a level 4 spell: Control Undead
  3331 | D:4      | Noticed Ijyb
  3345 | D:4      | Killed Ijyb
  3481 | D:4      | Found a glowing golden altar of the Shining One.
  3614 | D:4      | Noticed Grinder
  3801 | D:4      | Paralysed by Grinder for 7 turns
  3826 | D:4      | Paralysed by Grinder for 4 turns
  3846 | D:5      | Found a hide-covered altar of Uskayaw.
  3846 | D:5      | Noticed a dagger
  3846 | D:5      | Noticed a hand axe
  3847 | D:5      | Slain by a gnoll

Vault maps used:
D:1:      scummos_arrival_forest
D:2:      nicolae_overflow_hidden_temple, lemuel_round_altar, uniq_robin
D:3:      first_bread
D:4:      cheibriados_altar_1, tso_altar, uniq_iyjb, uniq_grinder, uniq_edmund
D:5:      dancing_weapons_uskayaw

Skill      XL: |  1  2  3  4  5  6 |
---------------+-------------------+-----
Spellcasting   | 3 4 5 6 |  6.3
Necromancy     | 5 6 |  6.2
Fighting       | 1 |  1.9
Dodging        | |  1.7
Stealth        | |  1.8

Action                   |  1- 3 |  4- 6 || total
-------------------------+-------+-------++-------
Melee: Unarmed           |     1 |       ||     1
       Short sword       |     3 |    32 ||    35
 Cast: Pain              |    75 |   106 ||   181
       Animate Skeleton  |     5 |     4 ||     9
       Animate Dead      |       |     8 ||     8
       Control Undead    |       |     3 ||     3
  Use: Scroll            |       |     2 ||     2
 Stab: Distracted        |     1 |       ||     1
       Sleeping          |     2 |     5 ||     7
Armor: Robe              |     4 |    25 ||    29
Dodge: Dodged            |    12 |    42 ||    54
